 Dungeon Crawl Stone Soup version 0.26.1-11-gd32895ea62 (webtiles) character file.

Game seed: 18338890326055572691

1924 vvl the Ruffian (level 8, -1/79 HPs)
             Began as a Troll Earth Elementalist on June 8, 2021.
             Was a Follower of Kikubaaqudgha.
             Slain by a killer bee (8 damage)
             ... on level 7 of the Dungeon.
             The game lasted 00:18:52 (6116 turns).

vvl the Ruffian (Troll Earth Elementalist)          Turns: 6116, Time: 00:18:52

Health: -1/79      AC:  6    Str: 18    XL:     8   Next: 96%
Magic:  0/8        EV: 10    Int: 12    God:    Kikubaaqudgha [*.....]
Gold:   281        SH:  0    Dex: 10    Spells: 6/9 levels left

rFire    . . .     SeeInvis .     - Unarmed
rCold    . . .     Faith    .   (no shield)
rNeg     . . .     Spirit   +   c - +0 robe
rPois    .         Reflect  .   (helmet restricted)
rElec    .         Harm     .   (no cloak)
rCorr    +         Rampage  .   (gloves unavailable)
Will     .....                  (boots unavailable)
Stlth    +.........             p - amulet of guardian spirit
HPRegen  0.63/turn              t - ring of resist corrosion
MPRegen  0.11/turn              (no ring)

@: mighty, lethally poisoned (-1 -> -11)
A: large, unfitting armour, claws 3, regeneration 1, shaggy fur 1, tough skin 3
a: Renounce Religion, Receive Corpses


You were on level 7 of the Dungeon.
You worshipped Kikubaaqudgha.
Kikubaaqudgha was aware of your devotion.
You visited 2 branches of the dungeon, and saw 8 of its levels.

You collected 281 gold pieces.

Inventory:

Hand Weapons
 a - a +2 vampiric short sword
 o - a +1 short sword of venom
Missiles
 b - 192 stones
 l - 14 boomerangs
Armour
 c - a +0 robe (worn)
Jewellery
 p - an amulet of guardian spirit (around neck)
 t - a ring of resist corrosion (left claw)
 v - an uncursed ring of protection from cold {unknown}
 w - an uncursed ring of positive energy {unknown}
 z - a cursed amulet of magic regeneration {unknown}
 C - a +4 ring of protection {unknown}
Wands
 D - a wand of iceblast (10)
Scrolls
 d - 8 scrolls of remove curse {unknown}
 e - a scroll of summoning {unknown}
 f - a scroll of fog {unknown}
 g - a scroll of enchant weapon {unknown}
 k - 3 scrolls of identify {unknown}
 m - 3 scrolls of teleportation {unknown}
 x - a scroll of amnesia {unknown}
 y - 2 scrolls of magic mapping {unknown}
 A - a scroll of enchant armour {unknown}
Potions
 i - 2 potions of flight {unknown}
 j - a potion of brilliance {unknown}
 n - a potion of cancellation {unknown}
 q - 3 potions of berserk rage {unknown}
 r - a potion of mutation {unknown}
 s - 2 potions of haste {unknown}
 u - 2 potions of might
 B - a potion of magic {unknown}


   Skills:
 + Level 4.4 Fighting
 - Level 1.5 Dodging
 - Level 1.0 Stealth
 * Level 7.8 Unarmed Combat
 - Level 1.2 Spellcasting
 + Level 2.5 Necromancy
 - Level 0.6 Transmutations
 + Level 5.7 Earth Magic


You had 6 spell levels left.
You knew the following spells:

 Your Spells              Type           Power        Failure   Level
a - Sandblast             Erth           28%          2%          1
b - Passwall              Tmut/Erth      6%           12%         2

Your spell library contained the following spells:

 Spells                   Type           Power        Failure   Level
 Animate Skeleton         Necr           12%          11%         1
 Pain                     Necr           24%          11%         1
 Sublimation of Blood     Necr           3%           16%         2
 Stone Arrow              Conj/Erth      14%          26%         3
 Vampiric Draining        Necr           3%           30%         3
 Lee's Rapid Deconstruct  Erth           7%           61%         5
 Petrify                  Tmut/Erth      8%           63%         4


Dungeon Overview and Level Annotations

Branches:
Dungeon (7/15)             Temple (1/1) D:5

Altars:
Ashenzari
Cheibriados
Dithmenos
Fedhas
Hepliaklqana
Kikubaaqudgha
Makhleb
Okawaru
Qazlal
Ru
Sif Muna
Trog
Uskayaw
Xom
Zin
The Shining One

Annotations:
D:4 3 runed translucent doors, oc3rt's ghost, novice KoHu


Innate Abilities, Weirdness & Mutations

You are too large for most types of armour.
You have claws for hands.
Your natural rate of healing is unusually fast.
You are covered in fur. (AC +1)
You have extremely tough skin. (AC +3)


Message History

Kikubaaqudgha accepts your kill.
You feel very sick. The killer bee stings you!
* * * LOW HITPOINT WARNING * * *
You scratch the killer bee.
The killer bee is moderately wounded.
* * * LOW HITPOINT WARNING * * *
You feel sick.
The killer bee stings you but does no damage.
The killer bee closely misses you.
You closely miss the killer bee.
The killer bee is moderately wounded.
* * * LOW HITPOINT WARNING * * *
You feel sick. The killer bee barely misses you.
You scratch the killer bee. You claw the killer bee.
The killer bee is almost dead.
* * * LOW HITPOINT WARNING * * *
You feel sick. The killer bee stings you!
You die...
Kikubaaqudgha rasps: "You have failed me!
Welcome... death!"

+###+#########..
........!.......
......y........#
#..y#.# #.###@#
#.†.y.# #.#####
#.# #+#


You could see a killer bee.

Vanquished Creatures
  Prince Ribbit (D:5)
  An orc warrior (D:3)
  A phantom (D:5)
  2 sky beasts
  2 ogres (D:4)
  3 bullfrogs
  A scorpion (D:6)
  2 killer bees (D:7)
  5 wights (D:6)
  A centaur zombie (D:6)
  A hound (D:6)
  A jelly (D:5)
  4 orc priests
  Jessica (D:3)
  An iguana (D:5)
  3 orc wizards
  4 worker ants
  A hound skeleton (D:6)
  3 gnolls (D:2)
  7 adders
  A river rat (D:3)
  A shadow imp (D:5)
  A white imp (D:6)
  2 oozes (D:2)
  An adder skeleton (D:6)
  A worm (D:3)
  2 dart slugs
  A leopard gecko (D:5)
  27 orcs
  A ball python (D:2)
  8 giant cockroaches
  7 goblins
  8 hobgoblins
  12 kobolds
  5 bats
  5 frilled lizards
  A leopard gecko skeleton (D:4)
  7 rats
136 creatures vanquished.

Vanquished Creatures (others)
  A plant (D:2)
1 creature vanquished.

Grand Total: 137 creatures vanquished

Notes
Turn   | Place    | Note
-------+----------+-------------------------------------------
     0 | D:1      | vvl the Troll Earth Elementalist began the quest for the
                  | Orb.
     0 | D:1      | Reached XP level 1. HP: 16/16 MP: 1/1
   134 | D:1      | Reached skill level 1 in Unarmed Combat
   319 | D:1      | Reached XP level 2. HP: 26/26 MP: 2/2
   879 | D:2      | Reached XP level 3. HP: 32/32 MP: 3/3
   990 | D:2      | Reached skill level 1 in Fighting
   990 | D:2      | Reached skill level 2 in Unarmed Combat
  1160 | D:2      | Found a snail-covered altar of Cheibriados.
  1160 | D:2      | Found a blossoming altar of Fedhas.
  1166 | D:2      | Found a broken altar of Ashenzari.
  1177 | D:2      | Reached XP level 4. HP: 41/41 MP: 4/4
  1565 | D:3      | Noticed a bullfrog
  1571 | D:3      | Noticed Jessica
  1592 | D:3      | Killed a bullfrog
  1593 | D:3      | Reached skill level 3 in Unarmed Combat
  1593 | D:3      | Reached XP level 5. HP: 24/49 MP: 1/5
  1603 | D:3      | Killed Jessica
  1802 | D:3      | Reached skill level 4 in Unarmed Combat
  1914 | D:3      | Reached XP level 6. HP: 28/57 MP: 6/6
  2591 | D:4      | Found a sacrificial altar of Ru.
  2634 | D:4      | Found a glowing golden altar of the Shining One.
  2802 | D:4      | Reached skill level 5 in Unarmed Combat
  2918 | D:3      | Reached XP level 7. HP: 26/66 MP: 2/7
  3370 | D:4      | Found a runed translucent gate.
  3370 | D:4      | Found a runed translucent gate.
  3371 | D:4      | Found a runed translucent gate.
  3373 | D:4      | Noticed oc3rt's ghost (novice KoHu)
  3522 | D:3      | HP: 3/66 [bullfrog (6)]
  3939 | D:5      | Entered Level 5 of the Dungeon
  3992 | D:5      | Reached skill level 6 in Unarmed Combat
  4053 | D:5      | Found a staircase to the Ecumenical Temple.
  4061 | Temple   | Entered the Ecumenical Temple
  4245 | Temple   | Became a worshipper of Kikubaaqudgha
  4249 | Temple   | Learned a level 2 spell: Passwall
  4429 | D:5      | Reached XP level 8. HP: 59/75 MP: 5/8
  4463 | D:5      | Reached skill level 5 in Earth Magic
  4615 | D:5      | Reached skill level 1 in Necromancy
  4844 | D:5      | Noticed Prince Ribbit
  4950 | D:5      | Killed Prince Ribbit
  5364 | D:6      | Reached skill level 7 in Unarmed Combat
  5512 | D:6      | Reached * piety under Kikubaaqudgha
  5512 | D:6      | Identified Kikubaaqudgha's Grimoire of Darkness
                  | (Kikubaaqudgha gifted it to you on level 6 of the Dungeon)
  5512 | D:6      | Received a gift from Kikubaaqudgha
  6116 | D:7      | Slain by a killer bee

Illustrated notes

Levels and vault maps discovered:
D:1:      eino_arrival_cavern_b, layout_loops_cross, st_stairs_1,
          minmay_split_cup_small
D:2:      cheibrodos_old_hovel, layout_loops_cross, grunt_temple_overflow_open
D:3:      layout_basic, portal_sewer_entry_b, uniq_jessica
D:4:      layout_cave_pools, old_standard_altar, nicolae_overflow_crystal_walls,
          gammafunk_ghost_split, minmay_small_thing
D:5:      layout_loops_ring, minmay_temple_entry_statues_pillars,
          uniq_prince_ribbit1
D:6:      layout_cave_pods
D:7:      layout_basic, grunt_temple_overflow_opulence, elyvilon_altar_5,
          gammafunk_ghost_cemetery
Temple:   bh_familiar_temple

Skill      XL: |  1  2  3  4  5  6  7  8 |
---------------+-------------------------+-----
Unarmed Combat | 1 2 3 4 5 6 7 |  7.8
Earth Magic    | 3 4 5 |  5.7
Fighting       | 1 2 3 4 |  4.4
Necromancy     | 2 |  2.5
Dodging        | |  1.5
Stealth        | |  1.0
Spellcasting   | |  1.2
Transmutations | |  0.6

Action                   |  1- 3 |  4- 6 |  7- 9 || total
-------------------------+-------+-------+-------++-------
Melee: Unarmed           |    13 |       |    97 ||   110
       Short sword       |   111 |   224 |   104 ||   439
       Punch             |     2 |     3 |     5 ||    10
 Cast: Sandblast         |       |    10 |     1 ||    11
Evoke: Wand              |       |       |     1 ||     1
  Use: Potion            |       |       |     5 ||     5
 Stab: Sleeping          |     1 |     2 |       ||     3
Armor: Robe              |    56 |    86 |    53 ||   195
Dodge: Dodged            |    68 |   144 |   118 ||   330
